 Dungeon Sprint DCSS version 0.26.1-11-gd32895ea62 (webtiles) character file.

Game seed: 12744549549588719031

9771 Zeld the Hoplite (level 11, -7/82 HPs)
             Began as a Minotaur Monk on June 8, 2021.
             Was the Champion of Yredelemnul.
             Killed by the air
             ... invoked by a spriggan air mage
              (30 damage)
             ... in the Dungeon (Sprint V: "Ziggurat Sprint").
             The game lasted 00:04:51 (2087 turns).

Zeld the Hoplite (Minotaur Monk)                    Turns: 2087, Time: 00:04:52

Health: -7/82      AC: 20    Str: 30    XL:     11   Next: 27%
Magic:  10/10      EV:  5    Int:  7    God:    Yredelemnul [******]
Gold:   0          SH: 28    Dex: 14    Spells: 10/10 levels left

rFire    . . .     SeeInvis .   C - +8 war axe of Dawn {freeze, rN+ Stlth+}
rCold    . . .     Faith    .   i - +3 tower shield
rNeg     + . .     Spirit   .   h - +5 crystal plate armour
rPois    .         Reflect  .   (helmet restricted)
rElec    .         Harm     .   D - +0 cloak {Will+}
rCorr    .         Rampage  .   (no gloves)
Will     +....     NoTele   +   (no boots)
Stlth    ..........             (no amulet)
HPRegen  0.23/turn              x - +6 ring of strength
MPRegen  0.12/turn              y - +6 ring of strength

@: flying (expiring)
A: retaliatory headbutt, horns 2
a: Renounce Religion, Recall Undead Slaves, Injury Mirror, Animate Dead, Drain
Life, Enslave Soul


You were in the Dungeon.
You worshipped Yredelemnul.
Yredelemnul was exalted by your worship.
You visited 1 branch

Inventory:

Hand Weapons
 j - a +5 broad axe of freezing
 C - the +8 war axe of Dawn (weapon) {freeze, rN+ Stlth+}
   (You found it in the Dungeon)

   It has been specially enchanted to freeze those struck by it, causing extra
   injury to most foes and up to half again as much damage against particularly
   susceptible opponents.
   It can also slow down cold-blooded creatures.
   It protects you from negative energy.
   It makes you more stealthy.
Armour
 h - a +5 crystal plate armour (worn)
 i - a +3 tower shield (worn)
 D - a +0 cloak of willpower (worn)
 E - a +1 pair of gloves of strength
Jewellery
 x - a +6 ring of strength (left hand)
 y - a +6 ring of strength (right hand)
Wands
 a - a wand of disintegration (7)
 v - a wand of iceblast (7)
 w - a wand of acid (7)
Scrolls
 g - 4 scrolls of blinking
 k - 4 scrolls of amnesia
 l - 7 scrolls of fog
 n - 5 scrolls of identify
 o - 5 scrolls of remove curse
 p - 2 scrolls of fear
Potions
 b - 10 potions of curing
 c - 8 potions of heal wounds
 d - 6 potions of haste
 e - 7 potions of magic
 f - 3 potions of berserk rage
 q - 2 potions of brilliance
 r - 2 potions of invisibility
 s - 4 potions of resistance
 u - 5 potions of might
Miscellaneous
 m - a phial of floods
 t - a condenser vane
 z - a lightning rod (4/4)
 A - a tin of tremorstones (2/2)
 B - a box of beasts
 F - a phantom mirror


   Skills:
 - Level 3.6 Fighting
 - Level 20.0 Axes
 - Level 3.2 Dodging
 - Level 1.5 Stealth
 * Level 22.5 Shields
 - Level 3.2 Unarmed Combat


You had 10 spell levels left.
You didn't know any spells.
Your spell library was empty.

Dungeon Overview and Level Annotations

Branches:
Dungeon (1/1)

Altars:
Ashenzari
Cheibriados
Dithmenos
Elyvilon
Fedhas
Gozag
Hepliaklqana
Kikubaaqudgha
Makhleb
Nemelex Xobeh
Okawaru
Qazlal
Ru
Sif Muna
Trog
Uskayaw
Vehumet
Wu Jian
Xom
Yredelemnul
Zin
The Shining One
Beogh
Jiyva
Lugonu

Annotations:
D 1 transporter


Innate Abilities, Weirdness & Mutations

You reflexively headbutt those who attack you in melee.
You have a pair of horns on your head.


Message History

Your wraith is destroyed!
You block the air elemental's attack.
Your deep elf mage zombie hits the air elemental with a +0 short sword.
The spriggan air mage hits your deep elf mage zombie.
You block the air elemental's attack.
Your deep elf mage zombie barely misses the air elemental.
You completely miss the spriggan air mage.
Your headbutt misses the spriggan air mage.
The spriggan air mage is heavily wounded.
You slash the air elemental! You freeze the air elemental.
You destroy the air elemental!
Yredelemnul accepts your kill.
You are engulfed in raging winds.
The wind drake flaps its wings at you.
The air twists around and violently strikes you in flight!!
* * * LOW HITPOINT WARNING * * *
The spriggan air mage waves its arms in wide circles.
The air twists around and violently strikes you in flight!!
You die...
Your body rises from the dead as a mindless zombie.

▓....©....▓...©...▓
▓▓▓▓▓▓▓▓▓▓▓▓▓▓▓▓▓▓▓▓▓
▓...8©8...▓...8©8...▓
▓..[|)[:..▓..[).[)..▓
▓.§§§§§§§.▓...))[...▓
▓.§§§§§§§.▓....)(...▓
▓§§§§§i§§.▓....()...▓
▓§§§§kZ§§.▓....)(...▓
▓§§Dki@ZZ.▓.....(...▓
▓§k§iEWW§.▓.▓....)▓.▓
▓§▓§§WWW▓Z▓....©....▓
▓§§§§§....▓▓▓▓▓▓▓▓▓▓▓
▓▓▓▓▓▓▓▓▓▓▓


You could see a storm dragon, 3 wind drakes, 3 spriggan air magi, an air
elemental, 2 friendly flayed ghosts, 3 friendly phantasmal warriors, 2 friendly
deep elf mage zombies and 2 friendly deep elf archer zombies.

Vanquished Creatures
  2 vault guards (D)
  A death scarab (D)
  A glowing orange brain (D)
  A deep elf mage (D)
  2 draconians (D)
  3 cyclopes (D)
  A yaktaur (D)
  A red devil (D)
  A wind drake (D)
  An air elemental (D)
  A fire elemental (D)
  A hell hound (D)
  A quasit (D)
  A crimson imp (D)
  4 iron imps (D)
  A shadow imp (D)
  A white imp (D)
  A bat skeleton (D)
  2 jackal zombies (D)
27 creatures vanquished.

Vanquished Creatures (collateral kills)
  A yaktaur captain (D)
  2 vault guards (D)
  4 deep elf archers (D)
  2 deep elf magi (D)
  A cyclops (D)
  2 yaktaurs (D)
  2 guardian mummies (D)
  4 merfolk (D)
  An air elemental (D)
  A hell hound (D)
  A crimson imp (D)
  3 mummies (D)
  2 ufetubi (D)
  An adder skeleton (D)
  2 bat zombies (D)
29 creatures vanquished.

Vanquished Creatures (others)
  A skeletal warrior (D)
  A phantasmal warrior (D)
  3 wraiths (D)
  7 flying skulls (D)
  2 vampires (D)
  2 wights (D)
  A mummy (D)
  3 merfolk zombies (D)
  A yaktaur zombie (D)
21 creatures vanquished.

Grand Total: 77 creatures vanquished

Notes
Turn   | Place    | Note
-------+----------+-------------------------------------------
     0 | D        | Zeld the Minotaur Monk began the quest for the Orb.
     0 | D        | Reached XP level 1. HP: 19/19 MP: 0/0
     3 | D        | Found a blossoming altar of Fedhas.
     4 | D        | Found the +6 Majin-Bo {vamp, MP+6 Int+6}
     4 | D        | Found the +9 heavy crossbow "Sniper" {vorpal, Acc+∞ SInv}
     4 | D        | Found the +10 dark maul {vorpal}
     4 | D        | Found the +15 Maxwell's patent armour {-Cast -Tele rElec
                  | Will+ rCorr}
     4 | D        | Found the +18 shield of the Gong {rElec rN+ Will+ EV-5}
     4 | D        | Found the cursed +14 obsidian axe {vorpal, +Fly SInv
                  | *Curse}
     4 | D        | Found the +7 great mace "Firestarter" {inner flame, rF++}
     4 | D        | Found the +6 shillelagh "Devastator" {shatter}
     4 | D        | Found the +11 plutonium sword {*Contam Stlth-}
     4 | D        | Found the +8 lance "Wyrmbane" {slay drac, rPois rF+ rC+
                  | AC+3}
     4 | D        | Found the +9 sword of Zonguldrok {reap}
     4 | D        | Found the cursed +13 scythe of Curses {drain, *Curse}
     4 | D        | Found the +5 sword of Power {vorpal}
     4 | D        | Found the +7 mace of Variability {chain chaos}
     4 | D        | Found the +7 Singing Sword {vorpal, sonic wave}
     4 | D        | Found the +8 storm bow {elec, penet}
     5 | D        | Found a viscous altar of Jiyva.
     5 | D        | Found a hazy altar of Hepliaklqana.
     5 | D        | Found a transporter.
     5 | D        | Found an opulent altar of Gozag.
     5 | D        | Found an ancient bone altar of Kikubaaqudgha.
     5 | D        | Found a corrupted altar of Lugonu.
     9 | D        | Found a burning altar of Makhleb.
    10 | D        | Found a sacrificial altar of Ru.
    10 | D        | Found a stormy altar of Qazlal.
    10 | D        | Found a shimmering blue altar of Sif Muna.
    10 | D        | Found an iron altar of Okawaru.
    10 | D        | Found a bloodstained altar of Trog.
    10 | D        | Found a sparkling altar of Nemelex Xobeh.
    36 | D        | Became a worshipper of Yredelemnul the Dark
    36 | D        | Reached * piety under Yredelemnul
    36 | D        | Reached ** piety under Yredelemnul
   139 | D        | Reached skill level 6 in Shields
   139 | D        | Reached XP level 2. HP: 26/26 MP: 1/1
   142 | D        | Entered arena 2.
   142 | D        | Noticed a draconian
   142 | D        | Noticed a draconian
   142 | D        | Found a transporter.
   152 | D        | Killed a draconian
   153 | D        | Reached skill level 11 in Shields
   153 | D        | Reached XP level 3. HP: 15/31 MP: 2/2
   153 | D        | Reached XP level 4. HP: 19/39 MP: 3/3
   153 | D        | Reached XP level 5. HP: 22/45 MP: 4/4
   153 | D        | Reached XP level 6. HP: 25/51 MP: 5/5
   155 | D        | Killed a draconian
   156 | D        | Reached skill level 13 in Shields
   156 | D        | Reached XP level 7. HP: 28/57 MP: 6/6
   538 | D        | Entered arena 3.
   538 | D        | Found a transporter.
   541 | D        | Reached *** piety under Yredelemnul
   548 | D        | Got the ring "Oqah" {rN+ AC+4 Dex+3}
   551 | D        | Entered arena 4.
   551 | D        | Noticed a death scarab
   551 | D        | Found a transporter.
   554 | D        | Received a gift from Yredelemnul (3 flying skulls)
   554 | D        | Received a gift from Yredelemnul (a wight)
   557 | D        | Killed a death scarab
   557 | D        | Reached **** piety under Yredelemnul
   558 | D        | Reached skill level 14 in Shields
   558 | D        | Reached XP level 8. HP: 6/64 MP: 7/7
   916 | D        | Entered arena 5.
   916 | D        | Noticed a merfolk
   916 | D        | Noticed a merfolk
   916 | D        | Noticed a merfolk
   916 | D        | Noticed a merfolk
   916 | D        | Found a transporter.
   917 | D        | Identified the cursed +1 mace of Uratz {protect, rPois
                  | Will+ Str+2}
   921 | D        | Killed a merfolk
   922 | D        | Received a gift from Yredelemnul (a mummy)
   922 | D        | Reached skill level 15 in Axes
   922 | D        | Reached skill level 15 in Shields
   924 | D        | Killed a merfolk
   927 | D        | Killed a merfolk
   928 | D        | Received a gift from Yredelemnul (a wight)
   928 | D        | Killed a merfolk
  1189 | D        | Entered arena 6.
  1189 | D        | Noticed a guardian mummy
  1189 | D        | Noticed a guardian mummy
  1189 | D        | Found a transporter.
  1190 | D        | Found the +8 demon trident "Rift" {distort, reach+}
  1193 | D        | Killed a guardian mummy
  1194 | D        | Reached skill level 16 in Shields
  1194 | D        | Reached XP level 9. HP: 66/70 MP: 8/8
  1194 | D        | Reached ***** piety under Yredelemnul
  1196 | D        | Killed a guardian mummy
  1217 | D        | Entered arena 7.
  1217 | D        | Noticed a cyclops
  1217 | D        | Noticed a yaktaur
  1217 | D        | Noticed a cyclops
  1217 | D        | Noticed a yaktaur
  1217 | D        | Noticed a cyclops
  1217 | D        | Noticed a cyclops
  1218 | D        | Found a transporter.
  1223 | D        | Killed a cyclops
  1223 | D        | Received a gift from Yredelemnul (4 flying skulls)
  1223 | D        | Received a gift from Yredelemnul (a vampire)
  1224 | D        | Killed a yaktaur
  1225 | D        | Reached skill level 17 in Shields
  1226 | D        | Killed a cyclops
  1227 | D        | Killed a cyclops
  1227 | D        | Received a gift from Yredelemnul (a wraith)
  1230 | D        | Killed a cyclops
  1231 | D        | Reached skill level 18 in Shields
  1233 | D        | Killed a yaktaur
  1233 | D        | Received a gift from Yredelemnul (a phantasmal warrior)
  1347 | D        | Entered arena 8.
  1347 | D        | Noticed a red devil
  1352 | D        | Found a transporter.
  1354 | D        | Killed a red devil
  1354 | D        | Received a gift from Yredelemnul (a vampire)
  1355 | D        | Reached XP level 10. HP: 75/77 MP: 9/9
  1357 | D        | Reached ****** piety under Yredelemnul
  1357 | D        | Received a gift from Yredelemnul (a phantasmal warrior)
  1373 | D        | Entered arena 9.
  1373 | D        | Noticed a vault guard
  1373 | D        | Noticed a vault guard
  1373 | D        | Noticed a vault guard
  1373 | D        | Noticed a glowing orange brain
  1373 | D        | Noticed a vault guard
  1373 | D        | Noticed a yaktaur captain
  1374 | D        | Found a transporter.
  1382 | D        | Killed a vault guard
  1384 | D        | Killed a glowing orange brain
  1385 | D        | Reached skill level 19 in Shields
  1386 | D        | Killed a vault guard
  1386 | D        | Received a gift from Yredelemnul (a skeletal warrior)
  1386 | D        | Killed a yaktaur captain
  1388 | D        | Killed a vault guard
  1389 | D        | Reached skill level 20 in Shields
  1391 | D        | Killed a vault guard
  1392 | D        | Received a gift from Yredelemnul (a wraith)
  1619 | D        | Got the +8 war axe of Dawn {freeze, rN+ Stlth+}
  1697 | D        | Entered arena 10.
  1698 | D        | Found a transporter.
  1701 | D        | Reached skill level 21 in Shields
  1701 | D        | Reached XP level 11. HP: 66/82 MP: 10/10
  1701 | D        | Received a gift from Yredelemnul (a wraith)
  1704 | D        | Received a gift from Yredelemnul (a phantasmal warrior)
  1786 | D        | Entered arena 11.
  1786 | D        | Noticed a deep elf mage
  1786 | D        | Noticed a deep elf archer
  1786 | D        | Noticed a deep elf archer
  1786 | D        | Noticed a deep elf archer
  1786 | D        | Noticed a deep elf mage
  1786 | D        | Noticed a deep elf archer
  1786 | D        | Noticed a deep elf mage
  1787 | D        | Found a transporter.
  1791 | D        | Killed a deep elf archer
  1794 | D        | Killed a deep elf mage
  1794 | D        | Received a gift from Yredelemnul (a flayed ghost)
  1796 | D        | Killed a deep elf mage
  1798 | D        | Killed a deep elf mage
  1799 | D        | Received a gift from Yredelemnul (a flayed ghost)
  1799 | D        | Received a gift from Yredelemnul (a phantasmal warrior)
  1799 | D        | Killed a deep elf archer
  1800 | D        | Reached skill level 22 in Shields
  1804 | D        | Killed a deep elf archer
  1806 | D        | Killed a deep elf archer
  2082 | D        | Entered arena 12.
  2082 | D        | Noticed a storm dragon
  2082 | D        | Noticed a spriggan air mage
  2082 | D        | Noticed a spriggan air mage
  2082 | D        | Noticed a spriggan air mage
  2083 | D        | Found the +6 arbalest "Damnation" {damnation}
  2084 | D        | Found a transporter.
  2087 | D        | Killed from afar by a spriggan air mage

Illustrated notes

Levels and vault maps discovered:
D:        sprint_v [room_start, room_1, room_2, room_3, room_4, room_5, room_6,
          room_7, room_8, room_9, room_10, room_11, room_12, room_13, room_14,
          room_15, room_16, room_17, room_18, room_19, room_20, room_21,
          room_22, room_23, room_24, room_25, room_26, room_27]

Skill      XL: |  1  2  3  4  5  6  7  8  9 10 11 |
---------------+----------------------------------+-----
Axes           | 6 11 13 14 16 18 20 | 20.0
Shields        | 6 11 13 14 16 18 21 22 | 22.5
Fighting       | |  3.6
Dodging        | |  3.2
Stealth        | |  1.5
Unarmed Combat | |  3.2

Action                   |  1- 3 |  4- 6 |  7- 9 | 10-12 || total
-------------------------+-------+-------+-------+-------++-------
Melee: Broad axe         |     9 |     3 |    31 |    18 ||    61
       Headbutt          |     3 |     1 |    10 |     7 ||    21
       War axe           |       |       |       |    15 ||    15
Invok: Animate Dead      |       |       |     8 |     8 ||    16
  Use: Potion            |     1 |       |     1 |     1 ||     3
       Scroll            |       |       |       |     1 ||     1
Armor: Crystal plate arm |     9 |       |    10 |     9 ||    28
Dodge: Dodged            |       |       |     3 |     4 ||     7
Block: Tower shield      |    13 |     2 |    47 |    54 ||   116
